 Dungeon Crawl Stone Soup version 0.16.1-18-g436b03c (webtiles) character file.

749 namelastname112 the Poker (level 7, -2/61 HPs)
             Began as a Pale Draconian Chaos Knight on May 2, 2015.
             Slain by a mummy (14 damage)
             ... in an ossuary.
             The game lasted 00:08:16 (4379 turns).

namelastname112 the Poker (DrCK)                    Turns: 4379, Time: 00:08:17

Health: -2/61      AC:  7    Str: 14    XL:     7   Next: 48%
Magic:  7/7        EV: 14    Int: 12    God:    Xom [......]
Gold:   250        SH:  0    Dex: 13    Spells: 0 memorised, 6 levels left

rFire  . . .     SeeInvis .     a - +0 spear (chaos) (curse)
rCold  . . .     Clarity  +     (armour unavailable)
rNeg   . . .     SustAb   .     (no shield)
rPois  .         Gourm    .     (helmet restricted)
rElec  .         Spirit   .     (no cloak)
rCorr  .         Warding  .     (no gloves)
rMut   .         Stasis   .     z - +0 pair of boots (curse)
MR     .....                    (no amulet)
Stlth  +.........               (no ring)
                                (no ring)

@: short of breath, not resistant to hostile enchantments, very unstealthy
A: breathe steam, unfitting armour, stinger 1, clarity, cold-blooded, AC +6
a: Breathe Steam, Renounce Religion


You were in an ossuary.
You worshipped Xom.
You were a very special plaything of Xom.
You were near starving.

You visited 1 branch of the dungeon, and saw 6 of its levels.
You also visited: Sewer and Ossuary.

You collected 250 gold pieces.

Inventory:

Hand weapons
 a - a cursed +0 spear of chaos (weapon)
 w - a cursed +0 blowgun
Missiles
 v - 7 curare-tipped needles
Armour
 z - a cursed +0 pair of boots (worn)
Magical devices
 u - a wand of confusion (24)
Scrolls
 b - 2 scrolls of fog {unknown}
 f - 3 scrolls of immolation {unknown}
 g - 2 scrolls of enchant weapon {unknown}
 i - 5 scrolls of teleportation
 m - 2 scrolls of enchant armour {unknown}
 q - 2 scrolls of identify {unknown}
 r - 2 scrolls of remove curse {unknown}
 y - a scroll of noise {unknown}
Potions
 e - a potion of agility
 h - 3 potions of resistance {unknown}
 j - 5 potions of flight
 n - 2 potions of brilliance {unknown}
 o - 5 potions of curing {unknown}
 p - a potion of poison {unknown}
 s - a potion of degeneration {unknown}
 t - a potion of restore abilities {unknown}
 x - a potion of mutation {unknown}
Comestibles
 c - 6 bread rations
 d - 2 meat rations
 k - a royal jelly
 l - 3 beef jerkies


   Skills:
 + Level 5.4 Fighting
 * Level 6.7 Polearms
 + Level 4.3 Dodging


You had 6 spell levels left.
You didn't know any spells.

Dungeon Overview and Level Annotations

Branches:
Dungeon (6/15)
 Temple: D:4-7

Altars:
Ashenzari
Dithmenos
Elyvilon
Gozag
Okawaru
Trog
Vehumet

Shops:
D:2 *


Innate Abilities, Weirdness & Mutations

You can breathe blasts of scalding steam.
Your pale cyan-grey scales are hard (AC +6).
Your body does not fit into most forms of armour.
Your cold-blooded metabolism reacts poorly to cold.
Your tail ends in a poisonous barb.
You possess an exceptional clarity of mind.


Message History

The mummy is heavily damaged.
The mummy hits you!
* * * LOW HITPOINT WARNING * * *
You are too injured to fight recklessly!
You are too injured to fight recklessly!
You are too injured to fight recklessly!
You are too injured to fight recklessly!
Use which ability? (? or * to list)
Press: ? - help, Shift-Dir - straight line, f - mummy
Aim: a mummy (heavily damaged)
You exhale a blast of scalding steam.
The ball of steam hits the mummy.
The mummy is severely damaged.
You are near starving!
The mummy is engulfed in a cloud of scalding steam.
You destroy the mummy!
You feel nervous for a moment...
Your +0 spear of chaos glows black for a moment.
Xom thinks this is hilarious!
Something hits you!
You die...

#########
###.......#+#
##..@.........
#...§..........
#...§.∩.∩......
#.......^^.....
##............
###.......#+#
#########


There were no monsters in sight!

Vanquished Creatures
  The ghost of jazmu the Bolt Thrower, an average KoAM (D:3)
  A scorpion (D:5)
  An iguana (Sewer)
  A giant frog skeleton (D:4)
  An orc wizard (D:5)
  2 worker ants (D:5)
  A siren (Sewer)
  A merfolk avatar (Sewer)
  Jessica (D:2)
  3 mummies
  8 adders
  A gnoll (D:3)
  2 river rats (Sewer)
  A giant mite (Sewer)
  An adder skeleton (D:3)
  3 giant geckos (Sewer)
  13 orcs
  5 bats
  A bat zombie (D:5)
  7 giant cockroaches
  14 goblins
  15 hobgoblins
  3 jackals (D:1)
  2 quokkas
  4 ball pythons (Sewer)
  9 giant newts
  A hobgoblin zombie (D:6)
  11 kobolds
  27 rats
141 creatures vanquished.

Vanquished Creatures (collateral kills)
  A phantom (D:4)
  A ball python (Sewer)
2 creatures vanquished.

Vanquished Creatures (others)
  An orc wizard (D:3)
  A drowned soul (Sewer)
  An orc (D:6)
3 creatures vanquished.

Grand Total: 146 creatures vanquished

Notes
Turn   | Place    | Note
--------------------------------------------------------------
     0 | D:1      | namelastname112, the Draconian Chaos Knight, began the quest for the Orb.
     0 | D:1      | Reached XP level 1. HP: 19/19 MP: 1/1
   109 | D:1      | Reached XP level 2. HP: 26/26 MP: 2/2
   118 | D:1      | XOM: silly message
   160 | D:1      | XOM: smoke on damage
   725 | D:2      | Reached XP level 3. HP: 21/31 MP: 3/3
   794 | D:2      | XOM: silly message
   820 | D:2      | Found a white marble altar of Elyvilon.
   824 | D:2      | Found a radiant altar of Vehumet.
  1011 | D:2      | Found Gozag's Platinum Reserve.
  1013 | D:2      | Noticed Jessica
  1014 | D:2      | Found an opulent altar of Gozag.
  1021 | D:2      | Killed Jessica
  1202 | D:2      | Reached skill level 4 in Polearms
  1236 | D:3      | XOM: potion effect (invisibility)
  1249 | D:3      | XOM: silly message
  1253 | D:3      | Reached XP level 4. HP: 36/40 MP: 4/4
  1331 | D:3      | Noticed jazmu's ghost (average KoAM)
  1333 | D:3      | XOM: potion effect (curing)
  1356 | D:3      | XOM: noise
  1357 | D:3      | XOM: polymorph orc -> giant cockroach
  1360 | D:3      | Killed jazmu's ghost
  1360 | D:3      | Reached skill level 5 in Polearms
  1360 | D:3      | Reached XP level 5. HP: 43/47 MP: 5/5
  1396 | D:3      | Reached XP level 6. HP: 38/53 MP: 6/6
  1972 | D:3      | XOM: mild Chrm miscast
  2086 | D:4      | XOM: summons 6 friendly demons
  2124 | D:4      | Found a bloodstained altar of Trog.
  2138 | D:4      | Found a shattered altar of Ashenzari.
  2210 | D:4      | XOM: potion effect (haste)
  2214 | D:4      | XOM: noise
  2261 | D:4      | XOM: 1-stop teleportation journey
  2573 | D:4      | Found an iron altar of Okawaru.
  2573 | D:4      | Found a shadowy altar of Dithmenos.
  2653 | D:5      | Entered Level 5 of the Dungeon
  2820 | D:5      | XOM: god gift: glowing falchion {god gift}
  2849 | D:5      | Found a glowing drain.
  2857 | Sewer    | Entered a sewer
  2919 | Sewer    | Reached skill level 5 in Fighting
  3099 | Sewer    | Reached skill level 6 in Polearms
  3110 | Sewer    | XOM: 1-stop teleportation journey
  3147 | Sewer    | Your scales start fading to a pale cyan-grey colour.
  3147 | Sewer    | Reached XP level 7. HP: 57/61 MP: 7/7
  3222 | Sewer    | Noticed a drowned soul
  3222 | Sewer    | Noticed a drowned soul
  3222 | Sewer    | Killed a drowned soul
  3223 | Sewer    | Noticed a drowned soul
  3223 | Sewer    | Noticed a drowned soul
  3224 | Sewer    | Noticed a drowned soul
  3461 | D:5      | XOM: medium Necr miscast
  3523 | D:5      | XOM: silly message
  4219 | D:5      | XOM: give mutations
  4219 | D:5      | Gained mutation: You possess an exceptional clarity of mind. [Xom's mischief]
  4219 | D:5      | Gained mutation: Your tail ends in a poisonous barb. [Xom's mischief]
  4340 | D:6      | Noticed a troll
  4341 | D:6      | XOM: destruction
  4343 | D:6      | XOM: silly message
  4344 | D:6      | Found a sand-covered staircase.
  4355 | Ossuary  | Entered an ossuary
  4379 | Ossuary  | Slain by a mummy

Action                   |  1- 3 |  4- 6 |  7- 9 || total
-------------------------+-------+-------+-------++-------
Melee: Spear             |   132 |   246 |   135 ||   513
 Abil: Breathe Steam     |       |       |     3 ||     3
  Use: Potion            |       |     3 |       ||     3
 Stab: Sleeping          |     3 |     2 |     2 ||     7
       Paralysed         |     1 |     4 |       ||     5
       Invisible         |     1 |     5 |       ||     6
       Petrifying        |       |     2 |       ||     2
       Distracted        |       |     1 |       ||     1
       Confused          |       |       |     1 ||     1
  Eat: Chunk             |       |     8 |     3 ||    11
